Map: Triton LE

Players

PtitDrogo

  • Race: Protoss Protoss
  • League: Grandmaster
  • Spawn Location: 5:00

Cure - Winner!

  • Race: Terran Terran
  • League: Master
  • Spawn Location: 11:00

VOD

Have the link to the VOD?

Description

Time

  • Played on: Jan. 14, 2020, 12:17 p.m.
  • Length: 12:08
Show
View Real Time Build Order
Export as new Build Order

PtitDrogo Protoss 

Build Orders: 1 Gate Expand, Colossus Rush 

Get SALT Encoding   

  12  0:00  Probe  
  13  0:13  Probe  
  14  0:17  Pylon  
  14  0:25  Probe  
  15  0:35  Gateway  
  15  0:37  Probe (Chrono Boost)  
  16  0:46  Probe (Chrono Boost), Assimilator  
  17  0:51  Probe (Chrono Boost)  
  18  1:03  Probe  
  19  1:15  Probe  
  20  1:22  Nexus  
  20  1:31  Cybernetics Core  
  20  1:34  Probe  
  20  1:39  Assimilator  
  21  1:46  Probe  
  22  1:49  Pylon  
  22  1:58  Probe  
  23  2:05  Stalker (Chrono Boost)  
  25  2:12  Probe  
  26  2:15  Warp Gate  
  26  2:24  Probe (Chrono Boost)  
  26  2:26  Robotics Facility  
  27  2:33  Stalker  
  27  2:34  Probe (Chrono Boost)  
  27  2:36  Probe (Chrono Boost)  
  31  2:43  Probe (Chrono Boost)  
  33  2:44  Probe (Chrono Boost)  
  33  2:48  Probe (Chrono Boost)  
  33  2:51  Probe  
  35  3:00  Probe  
  35  3:04  Sentry  
  35  3:05  Probe  
  39  3:06  Gateway  
  39  3:08  Gateway  
  39  3:13  Probe  
  39  3:14  Observer (Chrono Boost)  
  39  3:17  Probe  
  39  3:19  Pylon  
  42  3:28  Probe, Observer (Chrono Boost)  
  44  3:37  Pylon  
  44  3:38  Probe (Chrono Boost)  
  44  3:40  Assimilator  
  44  3:41  Probe (Chrono Boost)  
  46  3:42  Assimilator  
  47  3:49  Observer  
  47  3:51  Probe (Chrono Boost)  
  47  3:52  Probe (Chrono Boost)  
  47  3:53  Nexus  
  49  3:55  Probe (Chrono Boost)  
  49  3:59  Pylon  
  49  4:00  Probe  
  51  4:06  Stalker  
  51  4:07  Probe  
  51  4:08  Observer  
  54  4:10  Observer  
  54  4:13  Probe, Observer  
  54  4:17  Stalker x2  
  54  4:19  Probe  
  54  4:21  Pylon  
  54  4:24  Observer  
  60  4:25  Probe  
  61  4:36  Probe  
  62  4:41  Stalker x3  
  68  4:48  Probe  
  69  4:56  Probe, Pylon  
  69  4:58  Robotics Bay  
  70  5:00  Probe, Observer  
  70  5:05  Stalker x3  
  77  5:08  Probe  
  77  5:11  Probe  
  79  5:16  Probe  
  79  5:19  Observer  
  79  5:20  Probe  
  81  5:23  Probe  
  83  5:28  Probe  
  83  5:29  Twilight Council, Stalker  
  83  5:30  Stalker  
  83  5:31  Forge  
  83  5:32  Probe  
  83  5:34  Observer  
  87  5:35  Probe  
  87  5:40  Probe  
  89  5:43  Colossus (Chrono Boost)  
  89  5:44  Probe  
  89  5:48  Probe  
  97  5:51  Pylon  
  97  5:52  Probe  
  97  5:56  Probe  
  99  5:58  Shield Battery  
  99  6:00  Probe, Extended Thermal Lance  
  100  6:05  Probe  
  100  6:07  Photon Cannon  
  100  6:09  Probe, Shield Battery  
  102  6:11  Assimilator  
  102  6:13  Probe, Sentry, Assimilator  
  102  6:17  Pylon  
  105  6:26  Pylon  
  105  6:30  Blink  
  105  6:31  Colossus (Chrono Boost), Observer  
  105  6:34  Pylon  
  105  6:35  Probe  
  105  6:38  Protoss Ground Weapons Level 1 (Chrono Boost)  
  112  6:45  Gateway  
  112  6:46  Gateway  
  112  6:47  Gateway  
  112  6:52  Probe, Forge  
  112  7:00  Probe, Stalker  
  112  7:01  Stalker x2  
  109  7:10  Probe  
  109  7:15  Colossus (Chrono Boost)  
  110  7:16  Probe  
  110  7:22  Probe  
  118  7:24  Pylon  
  118  7:28  Sentry  
  118  7:29  Zealot x2  
  124  7:36  Protoss Ground Armor Level 1 (Chrono Boost)  
  119  7:49  Zealot x3  
  119  7:51  Zealot x2  
  116  7:59  Warp Prism (Chrono Boost)  
  118  8:08  Assimilator  
  118  8:11  Stalker x6  
  130  8:13  Pylon  
  130  8:16  Charge, Pylon  
  128  8:21  Gateway x2  
  128  8:22  Templar Archives  
  128  8:23  Shield Battery  
  128  8:30  Immortal  
  132  8:38  Zealot x3, Stalker x2  
  132  8:39  Zealot  
  132  8:40  Protoss Ground Weapons Level 2 (Chrono Boost)  
  142  8:59  Pylon  
  142  9:02  Stalker  
  142  9:03  Stalker x4  
  151  9:16  Gateway  
  147  9:17  Stalker  
  147  9:18  Gateway  
  147  9:23  Probe  
  137  9:33  Probe  
  137  9:34  High Templar x4  
  137  9:35  Zealot x2  
  137  9:36  Protoss Ground Armor Level 2 (Chrono Boost)  
  137  9:37  Pylon  
  149  9:39  Pylon  
  149  9:40  Archon x2  
  149  9:43  Zealot  
  151  9:48  Photon Cannon  
  151  9:54  Probe  
  151  9:58  Stalker x2  
  144  10:17  Observer  
  144  10:18  Observer  
  130  10:21  Zealot x3  
  130  10:23  Zealot x8  
  130  10:24  Zealot  
  130  10:25  Probe  
  130  10:26  Colossus (Chrono Boost)  
  130  10:28  Probe  
  96  10:44  High Templar x4, Sentry  
  96  10:45  Zealot x3  
  96  10:48  Archon  
  96  10:49  Archon  
  112  10:51  Stalker  
  114  11:09  Colossus (Chrono Boost), Zealot x4  
  118  11:15  Stalker  
  92  11:24  Stalker x4  
  86  11:30  High Templar x2, Zealot  
  88  11:35  Archon  
  88  11:37  Zealot  
  88  11:38  Zealot  
  76  11:47  High Templar  
  76  11:48  High Templar, Zealot x2  
  76  11:53  Archon  
  84  11:55  Zealot  
  84  12:01  Zealot x2  
Show
View Real Time Build Order
Export as new Build Order

Cure Terran - Winner!

Build Orders: Reaper Expand 

Get SALT Encoding   

  12  0:00  SCV  
  13  0:13  SCV  
  14  0:17  Supply Depot  
  14  0:25  SCV  
  15  0:39  SCV  
  15  0:40  Barracks  
  16  0:42  Refinery  
  16  0:51  SCV  
  17  1:03  SCV  
  18  1:15  SCV  
  19  1:27  Orbital Command, Reaper  
  20  1:42  Command Center  
  20  1:53  SCV  
  21  1:55  Barracks  
  21  2:00  Barracks Reactor  
  21  2:06  SCV  
  22  2:10  Supply Depot  
  22  2:14  Refinery  
  22  2:18  SCV  
  23  2:24  Factory  
  23  2:32  SCV  
  24  2:37  Marine x2  
  24  2:43  Barracks Tech Lab  
  26  2:44  SCV  
  27  2:56  SCV  
  28  2:58  Orbital Command  
  28  3:01  Stimpack  
  28  3:06  Marine x3  
  28  3:08  SCV  
  32  3:20  SCV  
  32  3:22  Starport, Factory Reactor  
  32  3:25  SCV  
  34  3:29  Marine x3  
  34  3:32  SCV  
  38  3:36  Supply Depot  
  38  3:37  SCV  
  39  3:44  SCV  
  39  3:46  Marine  
  39  3:47  Marine x2  
  43  3:52  SCV  
  44  3:57  SCV  
  45  4:03  Supply Depot  
  45  4:04  SCV  
  45  4:06  Supply Depot  
  45  4:09  SCV  
  47  4:11  Marine x2, Medivac  
  47  4:12  Marine, Medivac  
  54  4:20  Engineering Bay  
  54  4:24  SCV x2  
  54  4:27  Barracks  
  56  4:34  Supply Depot  
  56  4:35  Factory Tech Lab  
  56  4:36  SCV x2  
  58  4:40  Marine  
  58  4:41  Marine, Marauder  
  62  4:45  Combat Shield  
  62  4:48  SCV  
  62  4:49  SCV  
  62  4:52  Terran Infantry Weapons Level 1  
  64  4:57  Supply Depot  
  64  4:58  Refinery  
  64  5:01  SCV x2  
  64  5:04  Factory Reactor  
  64  5:07  Marauder  
  68  5:08  Marine  
  68  5:09  Marine  
  70  5:17  SCV x2  
  72  5:26  Marine, Supply Depot  
  72  5:28  Medivac, Marauder  
  78  5:29  Concussive Shells  
  78  5:31  Marauder  
  78  5:32  Marine  
  78  5:50  Marine x2, Marauder  
  78  5:51  Command Center  
  78  5:53  Widow Mine x2, Marauder  
  78  5:54  Medivac  
  90  5:59  Supply Depot  
  90  6:05  SCV x2  
  92  6:11  Medivac  
  92  6:13  Supply Depot  
  92  6:14  Supply Depot  
  94  6:20  Marine x2  
  94  6:21  Marauder x2  
  100  6:27  SCV x2  
  100  6:30  Barracks  
  100  6:31  Barracks  
  102  6:36  Refinery  
  102  6:38  Medivac, Widow Mine x2  
  108  6:43  SCV x2  
  108  6:46  Terran Infantry Armor Level 1  
  110  6:47  Marine x2, Marauder  
  114  6:55  SCV x2  
  116  7:06  Marine x2, Marauder  
  115  7:09  Marauder  
  115  7:10  Viking x2, Orbital Command  
  115  7:11  SCV  
  115  7:12  SCV  
  123  7:20  Barracks Tech Lab  
  123  7:25  SCV x2, Refinery  
  123  7:26  Supply Depot, Refinery  
  123  7:28  Supply Depot  
  125  7:37  SCV x2  
  125  7:40  Marine x2, Marauder x3  
  125  7:41  Marine  
  132  7:47  SCV, Viking  
  132  7:49  SCV x2  
  126  8:00  Viking  
  126  8:01  Marauder  
  126  8:02  SCV x3  
  133  8:07  Supply Depot  
  133  8:17  SCV x3, Viking  
  133  8:18  Engineering Bay  
  133  8:19  Armory  
  138  8:24  Factory Reactor  
  138  8:28  Marine x4, Starport, Marauder x3  
  148  8:38  SCV x3  
  151  8:43  Supply Depot x3  
  151  8:44  Viking  
  151  8:55  Ghost Academy  
  151  8:57  Marauder x3  
  157  9:04  Marine x4, Viking  
  157  9:07  Supply Depot  
  146  9:18  Marauder  
  146  9:19  Marauder x2, Terran Infantry Weapons Level 2  
  146  9:22  Marine x4  
  156  9:27  Viking x2  
  154  9:39  Ghost x3, Terran Infantry Armor Level 2  
  154  9:40  Terran Ship Weapons Level 1  
  160  9:46  Missile Turret  
  160  9:49  Missile Turret  
  160  9:50  Enhanced Shockwaves  
  158  9:56  Viking x2  
  159  10:07  Ghost  
  159  10:09  Marine x4, Viking x2  
  151  10:24  Marine x2  
  151  10:26  Marine x2  
  125  10:28  SCV x2  
  125  10:29  SCV  
  126  10:36  Marine x2  
  126  10:37  Medivac x2, Marauder  
  126  10:39  Medivac  
  126  10:40  SCV  
  126  10:41  SCV x2  
  126  10:42  Marauder  
  141  10:45  Medivac  
  144  10:57  Marauder  
  144  10:58  Marauder  
  144  10:59  Marine x4  
  144  11:02  SCV x3  
  144  11:04  Marauder  
  146  11:14  SCV x3  
  127  11:20  Marine x3  
  127  11:21  Marauder x2  
  116  11:29  Viking  
  104  11:43  Marine x4, Marauder x2  
  104  11:44  Marauder  
  114  11:48  SCV x3  
Tags
 
Add a new tag
Caveats
  • Supply blocks, unpowered buildings, or Contaminate may cause inaccurate times.
  • Supply counts are checked every 10 seconds.